AoeStats
← Tomato

Pilgrims

508940754Analyzed
4v4 RM · 6d ago on Sep 24, 2026· 46m 44s· 8 players
Game mode
Random Map
Map size
Large (8 player)
Population
200
Speed
Normal
Resources
Standard
Victory
Conquest
Starting age
Dark Age
Ending age
Imperial Age
RankedLock teamsTeams togetherTeam positionsShared explorationLock speedFull tech treeHidden civsTurbo modeCheats
Victory
Defeat
🇧🇷 Danes · Brazil
1393
+15
🇺🇸 Saxons · United States
1363
+17
🇻🇳 Burgundians · Vietnam
1360
+17
🇧🇩 Japanese · Bangladesh
1339
+17
🇳🇱 Saxons · Netherlands
1393
-17
🇨🇿 Varangians · Czechia
1390
-17
🇩🇪 Byzantines · Germany
1368
-16
🇩🇪 Franks · Germany
1361
-16
contrau1
7:57 Loom
10:13 Feudal Age
scotch27
8:26 Loom
10:53 Feudal Age
14:29 Castle Age
13:15 Forging
13:19 Fishing Lines
13:56 Scale Barding Armor
14:22 Double-Bit Axe
15:28 Bow Saw
17:35 Medium Warships
23:31 Wheelbarrow
28:23 Imperial Age
27:05 Chain Barding Armor
27:44 Treadmill Crane
28:53 Husbandry
28:44 Heavy Camel Rider
29:28 Gillnets
31:21 Heavy Warships
30:48 Light Cavalry
31:49 Gold Mining
31:48 Horse Collar
32:44 Stone Mining
34:03 Plate Barding Armor
38:19 Gold Shaft Mining
38:40 Iron Casting
39:59 Conscription
43:06 Man-at-Arms
43:31 Gambesons
43:50 Scale Mail Armor
44:01 Squires
44:19 Hand Cart
43:44 Long Swordsman
44:46 Chain Mail Armor
44:17 Two-Handed Swordsman
45:13 Champion
47:02 Two-Man Saw
LLSM
5:11 Loom
6:08 Loom
10:41 Feudal Age
13:29 Double-Bit Axe
14:37 Fletching
16:31 Fishing Lines
19:02 Castle Age
16:52 Horse Collar
18:08 Padded Archer Armor
19:47 Bodkin Arrow
20:16 Town Watch
26:47 Ballistics
30:30 Imperial Age
28:36 Wheelbarrow
29:29 Leather Archer Armor
31:03 Bloodlines
32:03 Conscription
31:56 Bracer
32:03 Cranequins
33:46 Ring Archer Armor
36:28 Hand Cart
37:45 Chemistry
37:20 Treadmill Crane
37:52 Masonry
39:18 Murder Holes
39:14 Heavy Mounted Crossbowman
42:16 Bow Saw
44:37 Gold Mining
Tomato
8:26 Loom
10:53 Feudal Age
15:44 Fletching
17:14 Double-Bit Axe
17:11 Horse Collar
18:56 Wheelbarrow
21:22 Fishing Lines
24:14 Castle Age
22:51 Scale Mail Armor
23:01 Forging
23:40 Gold Mining
23:43 Stone Mining
24:59 Squires
26:23 Arson
26:56 Chain Mail Armor
27:16 Iron Casting
26:44 Gillnets
27:36 Hand Cart
28:42 Town Watch
30:16 Heavy Plow
37:43 Gambesons
38:31 Gold Mining
45:04 Imperial Age
meh
6:52 Loom
10:04 Feudal Age
10:29 Town Watch
12:04 Double-Bit Axe
13:30 Fletching
29:41 Castle Age
28:36 Horse Collar
31:01 Wheelbarrow
30:29 Bodkin Arrow
30:46 Bow Saw
30:44 Gold Mining
32:09 Guard Tower
32:16 Murder Holes
32:41 Ballistics
35:31 Masonry
37:57 Imperial Age
37:20 Hand Cart
38:15 Fishing Lines
39:27 Heavy Plow
40:41 Forging
40:59 Scale Mail Armor
43:07 Two-Man Saw
42:39 Gillnets
42:16 Shield Wall
43:00 Gambesons
43:17 Squires
43:02 Arson
43:51 Conscription
43:56 Chain Mail Armor
44:16 Iron Casting
44:52 Elite Varangian Guard
47:18 Hand Cart
47:39 Plate Mail Armor
Gunslinger
5:52 Loom
11:52 Feudal Age
12:23 Double-Bit Axe
16:56 Castle Age
21:40 Castle Age
25:29 Wheelbarrow
24:47 Horse Collar
29:24 Heavy Plow
30:54 Stone Mining
30:56 Gold Mining
33:16 Hand Cart
34:48 Gold Shaft Mining
42:43 Imperial Age
42:37 Fletching
42:48 Padded Archer Armor
43:10 Ballistics
43:18 Thumb Ring
42:52 Heavy Cavalry Archer
44:00 Parthian Tactics
44:40 Chemistry
43:55 Bodkin Arrow
44:16 Leather Archer Armor
44:18 Bow Saw
44:53 Bracer
46:13 Ring Archer Armor
45:37 Guard Tower
45:33 Arrowslits
l3av3x
3:56 Loom
9:50 Feudal Age
10:29 Double-Bit Axe
12:15 Town Watch
16:40 Wheelbarrow
20:36 Castle Age
19:10 Horse Collar
19:21 Gold Mining
21:33 Medium Warships
22:58 Bow Saw
22:50 Heavy Plow
23:59 Fletching
26:16 Fishing Lines
27:09 Hand Cart
27:49 Scale Mail Armor
31:18 Bodkin Arrow
32:05 Gold Shaft Mining
31:59 Stone Mining
33:28 Ballistics
36:14 Imperial Age
34:23 Stone Shaft Mining
34:00 Forging
34:16 Chain Mail Armor
34:11 Squires
33:57 Arson
33:57 Gambesons
35:48 Iron Casting
35:01 Gambesons
37:15 Elite Varangian Guard
38:27 Plate Mail Armor
38:57 Blast Furnace
37:53 Hamask
38:00 Hamask
39:01 Conscription
38:45 Elite Jomsviking
40:07 Northmen's Fury
41:49 Blast Furnace
40:50 Bracer
41:51 Chemistry
42:15 Masonry
Melodies of Life
6:43 Fishing Lines
7:06 Double-Bit Axe
9:23 Loom
11:51 Feudal Age
12:53 Town Watch
16:38 Castle Age
14:51 Bow Saw
15:08 Gillnets
15:33 Gold Mining
15:34 Stone Mining
15:39 Gold Mining
18:41 Two-Man Saw
19:58 Gold Shaft Mining
19:41 Horse Collar
20:54 Scale Barding Armor
21:05 Forging
20:57 Heavy Plow
22:12 Burgundian Vineyards
23:10 Chain Barding Armor
23:24 Crop Rotation
24:02 Iron Casting
24:50 Wheelbarrow
26:04 Husbandry
26:35 Hand Cart
26:59 Scale Mail Armor
27:01 Squires
26:47 Arson
30:03 Chain Mail Armor
32:35 Imperial Age
33:02 Guilds
34:36 Conscription
36:18 Plate Barding Armor
36:14 Plate Mail Armor
36:45 Blast Furnace
39:10 Hoardings
41:25 Blast Furnace
41:35 Elite Coustillier
46:22 Pikeman
Connection lost

Rejoining the realm…

Still unreachable

The connection could not be restored.

Session expired

The server has moved on; the page needs a fresh start.